A+ CENTRAL
BELOIT SNAPPERS @ SOUTH BEND CUBS
09/12/2041
 
TOP OF THE 1ST
Beloit Snappers batting - Pitching for South Bend Cubs : RHP Dave Miller
Pitching: RHP Dave Miller
Batting: RHB Albert Nieves 0-0: Ball
1-0: Swinging Strike
1-1: SINGLE (Groundball, 6D, EV 111.9 MPH)
Batting: RHB David Holguín 0-0: Ball
1-0: Bunted foul
1-1: Sac Bunt to 13S - play at first, batter OUT! 1-3
Albert Nieves to second
Batting: LHB Bob Wilson 0-0: Foul Ball, location: 2LF
0-1: Swinging Strike
0-2: DOUBLE (Line Drive, 8LXD, EV 99.4 MPH)
Albert Nieves scores
Batting: RHB Dave Mitchell 0-0: Called Strike
0-1: Ball
1-1: DOUBLE (Flyball, 78XD, EV 105.0 MPH)
Bob Wilson scores
Batting: LHB José Jiménez 0-0: Called Strike
0-1: Foul Ball, location: 3FF
0-2: Strikes out swinging
Batting: RHB Montel Russo 0-0: Ball
1-0: Foul Ball, location: 25F
1-1: Foul Ball, location: 25FF
1-2: Ground out 5-3 (Groundball, 56S, EV 64.4 MPH)
Top of the 1st over - 2 runs, 3 hits, 0 errors, 1 left on base; Beloit 2 - South Bend 0
BOTTOM OF THE 1ST
South Bend Cubs batting - Pitching for Beloit Snappers : RHP António Mercado
Pitching: RHP António Mercado
Batting: RHB Dave Scott 0-0: Ground out 6-3 (Groundball, 6, EV 90.6 MPH)
Batting: RHB Willie Jones 0-0: Ball
1-0: Called Strike
1-1: Swinging Strike
1-2: Fly out, F5 (Line Drive, 5, EV 70.6 MPH)
Batting: RHB Simone Cigala 0-0: Foul Ball, location: 5FF
0-1: Foul Ball, location: 9LMF
0-2: TRIPLE (Flyball, 78XD, EV 95.0 MPH)
Batting: SHB Ángelo Ríos 0-0: Ball
1-0: Ball
2-0: Called Strike
2-1: Ball
3-1: Foul Ball, location: 3SF
3-2: Base on Balls
Batting: RHB Clint Rice 0-0: Ground out 1-3 (Groundball, 13S, EV 69.4 MPH)
Bottom of the 1st over - 0 runs, 1 hit, 0 errors, 2 left on base; Beloit 2 - South Bend 0
TOP OF THE 2ND
Beloit Snappers batting - Pitching for South Bend Cubs : RHP Dave Miller
Batting: LHB Alfredo Ramos 0-0: Ground out 3-1 (Groundball, 3S, EV 72.5 MPH)
Batting: RHB José Flores 0-0: Called Strike
0-1: Fly out, F7 (Flyball, 78M, EV 91.3 MPH)
Batting: LHB Jon Bullock 0-0: Called Strike
0-1: Called Strike
0-2: Ball
1-2: Ball
2-2: Strikes out swinging
Top of the 2nd over - 0 runs, 0 hits, 0 errors, 0 left on base; Beloit 2 - South Bend 0
BOTTOM OF THE 2ND
South Bend Cubs batting - Pitching for Beloit Snappers : RHP António Mercado
Batting: SHB Victor Turner 0-0: Ball
1-0: Ball
2-0: Ball
3-0: Foul Ball, location: 23F
3-1: Base on Balls
Batting: RHB Joe Bowles 0-0: Ground out 6-3 (Groundball, P, EV 79.4 MPH)
Victor Turner to second
Batting: SHB Joe Walters 0-0: Called Strike
0-1: Foul Ball, location: 5FF
0-2: Foul Ball, location: 3DF
0-2: DOUBLE (Flyball, 8LXD, EV 95.0 MPH)
Victor Turner scores
Batting: RHB Jorge Colón 0-0: Ball
1-0: Ball
2-0: Called Strike
2-1: Swinging Strike
2-2: Ball
3-2: Foul Ball, location: 2F
3-2: Fly out, F4 (Line Drive, 34, EV 69.4 MPH)
Batting: RHB Dave Scott 0-0: Ground out 6-3 (Groundball, 6, EV 99.4 MPH)
Bottom of the 2nd over - 1 run, 1 hit, 0 errors, 1 left on base; Beloit 2 - South Bend 1
TOP OF THE 3RD
Beloit Snappers batting - Pitching for South Bend Cubs : RHP Dave Miller
Batting: RHB Albert Nieves 0-0: Ground out 2-3 (Groundball, 15S, EV 70.0 MPH)
Batting: RHB David Holguín 0-0: Called Strike
0-1: Called Strike
0-2: Ball
1-2: Foul Ball, location: 2F
1-2: Ground out 1-3 (Groundball, 15S, EV 70.6 MPH)
Batting: LHB Bob Wilson 0-0: Ball
1-0: Ball
2-0: Ball
3-0: Called Strike
3-1: Foul Ball, location: 7LDF
3-2: Ground out 4-3 (Groundball, 4, EV 91.3 MPH)
Top of the 3rd over - 0 runs, 0 hits, 0 errors, 0 left on base; Beloit 2 - South Bend 1
BOTTOM OF THE 3RD
South Bend Cubs batting - Pitching for Beloit Snappers : RHP António Mercado
Batting: RHB Willie Jones 0-0: Ball
1-0: Foul Ball, location: 25FF
1-1: Fly out, F8 (Flyball, 89D, EV 105.0 MPH)
Batting: RHB Simone Cigala 0-0: Ground out 4-3 (Groundball, 4MD, EV 103.8 MPH)
Batting: SHB Ángelo Ríos 0-0: Foul Ball, location: 2LF
0-1: Foul Ball, location: 2F
0-2: Ball
1-2: Ball
2-2: Foul Ball, location: 2F
2-2: Ground out U3 (Groundball, 3, EV 87.5 MPH)
Bottom of the 3rd over - 0 runs, 0 hits, 0 errors, 0 left on base; Beloit 2 - South Bend 1
TOP OF THE 4TH
Beloit Snappers batting - Pitching for South Bend Cubs : RHP Dave Miller
Batting: RHB Dave Mitchell 0-0: Called Strike
0-1: Fly out, F1 (Popup, P, EV 83.1 MPH)
Batting: LHB José Jiménez 0-0: Called Strike
0-1: Called Strike
0-2: Ball
1-2: Fly out, F8 (Flyball, 8LD, EV 86.3 MPH)
Batting: RHB Montel Russo 0-0: Swinging Strike
0-1: DOUBLE (Flyball, 8LXD, EV 100.0 MPH)
Batting: LHB Alfredo Ramos 0-0: Ground out 4-3 (Groundball, 4, EV 103.8 MPH)
Top of the 4th over - 0 runs, 1 hit, 0 errors, 1 left on base; Beloit 2 - South Bend 1
BOTTOM OF THE 4TH
South Bend Cubs batting - Pitching for Beloit Snappers : RHP António Mercado
Batting: RHB Clint Rice 0-0: Fly out, F8 (Line Drive, 8RM, EV 91.9 MPH)
Batting: SHB Victor Turner 0-0: Ball
1-0: Foul Ball, location: 2F
1-1: Ball
2-1: Called Strike
2-2: DOUBLE (Groundball, 5L, EV 97.5 MPH)
Batting: RHB Joe Bowles 0-0: Foul Ball, location: 9LSF
0-1: Ball
1-1: Ground out 5-3 (Groundball, 56, EV 102.5 MPH)
Batting: SHB Joe Walters 0-0: Called Strike
0-1: Ball
1-1: Called Strike
1-2: Strikes out swinging, 2-3 out at first.
Bottom of the 4th over - 0 runs, 1 hit, 0 errors, 1 left on base; Beloit 2 - South Bend 1
TOP OF THE 5TH
Beloit Snappers batting - Pitching for South Bend Cubs : RHP Dave Miller
Batting: RHB José Flores 0-0: Ball
1-0: Foul Ball, location: 3SF
1-1: Ball
2-1: Ground out 5-3 (Groundball, 56, EV 106.3 MPH)
Batting: LHB Jon Bullock 0-0: Called Strike
0-1: Ground out 6-3 (Groundball, 6, EV 92.5 MPH)
Batting: RHB Albert Nieves 0-0: Called Strike
0-1: Ball
1-1: Ground out U3 (Groundball, 34, EV 98.1 MPH)
Top of the 5th over - 0 runs, 0 hits, 0 errors, 0 left on base; Beloit 2 - South Bend 1
BOTTOM OF THE 5TH
South Bend Cubs batting - Pitching for Beloit Snappers : RHP António Mercado
Batting: RHB Jorge Colón 0-0: Ball
1-0: Ball
2-0: Foul Ball, location: 2F
2-1: Swinging Strike
2-2: Ball
3-2: Base on Balls
Batting: RHB Dave Scott 0-0: Sac Bunt to 2R - play at first, batter OUT! 2-3
Jorge Colón to second
Batting: RHB Willie Jones 0-0: Ball
1-0: DOUBLE (Flyball, 8RXD, EV 110.6 MPH)
Jorge Colón scores
Batting: RHB Simone Cigala 0-0: Called Strike
0-1: SINGLE (Line Drive, 7S, EV 94.4 MPH)
Willie Jones to third
Batting: SHB Ángelo Ríos 0-0: Ball
1-0: DOUBLE (Line Drive, 3D, EV 101.9 MPH)
Willie Jones scores
Simone Cigala to third
Batting: RHB Clint Rice 0-0: Foul Ball, location: 2F
0-1: Called Strike
0-2: SINGLE (Line Drive, 89S, EV 91.9 MPH)
Simone Cigala scores
Ángelo Ríos to third
Batting: SHB Victor Turner 0-0: Ball
1-0: Called Strike
1-1: DOUBLE (Flyball, 89D, EV 99.4 MPH)
Ángelo Ríos scores
Clint Rice to third
Runner from 3rd tries for Home, SAFE, throw by CF to home
Pitching: RHP Chet Lee
Batting: RHB Joe Bowles 0-0: Called Strike
0-1: Ball
1-1: Ball
2-1: Fly out, F7 (Flyball, 7, EV 86.9 MPH)
Batting: SHB Joe Walters 0-0: Ball
1-0: Foul Ball, location: 7LSF
1-1: DOUBLE (Line Drive, 89D, EV 106.3 MPH)
Victor Turner scores
Batting: RHB Jorge Colón 0-0: Ball
1-0: Swinging Strike
1-1: Foul Ball, location: 3SF
1-2: Ball
2-2: Strikes out swinging
Bottom of the 5th over - 6 runs, 6 hits, 0 errors, 1 left on base; Beloit 2 - South Bend 7
TOP OF THE 6TH
Beloit Snappers batting - Pitching for South Bend Cubs : RHP Dave Miller
Batting: RHB David Holguín 0-0: Called Strike
0-1: Reached via error on a dropped throw from 1B, E1 (Groundball, 34S, EV 84.4 MPH)
Batting: LHB Bob Wilson 0-0: Ball
1-0: Ball
2-0: Called Strike
Balk!
David Holguín to second
2-1: Ground out U3 (Groundball, 3D, EV 99.4 MPH)
David Holguín to third
Batting: RHB Dave Mitchell 0-0: Called Strike
0-1: Ball
1-1: Ball
2-1: Foul Ball, location: 2F
2-2: Strikes out swinging
Batting: LHB José Jiménez 0-0: Foul Ball, location: 5DF
0-1: Ball
1-1: Ground out U3 (Groundball, 3L, EV 66.9 MPH)
Top of the 6th over - 0 runs, 0 hits, 1 error, 1 left on base; Beloit 2 - South Bend 7
BOTTOM OF THE 6TH
South Bend Cubs batting - Pitching for Beloit Snappers : RHP Chet Lee
Batting: RHB Dave Scott 0-0: SINGLE (Line Drive, 89S, EV 96.9 MPH)
Batting: RHB Willie Jones 0-0: Ball
1-0: Swinging Strike
1-1: DOUBLE (Line Drive, 9LM, EV 108.8 MPH)
Dave Scott to third
Batting: RHB Simone Cigala 0-0: Ball
1-0: Ball
2-0: Fly out, F8 (Flyball, 8LD, EV 91.9 MPH)
Runner from 3rd tags up, SCORES, throw by CF
Batting: SHB Ángelo Ríos 0-0: SINGLE (Groundball, 34D, EV 105.0 MPH)
Willie Jones to third
Runner from 3rd tries for Home, SAFE, throw by RF to home
Batting: RHB Clint Rice 0-0: Ball
1-0: Ball
2-0: Reached on error, E4 (Groundball, 4MD, EV 103.8 MPH)
Ángelo Ríos to second
Batting: SHB Victor Turner 0-0: Ball
1-0: Called Strike
1-1: Foul Ball, location: 23F
1-2: SINGLE (Line Drive, 56D, EV 94.4 MPH)
Ángelo Ríos to third
Clint Rice to second
Runner from 3rd tries for Home, throw by LF and OUT! 7-2
Batting: RHB Joe Bowles 0-0: Fielders Choice at 2nd, 6-4 (Groundball, 6, EV 95.6 MPH)
Bottom of the 6th over - 2 runs, 4 hits, 1 error, 2 left on base; Beloit 2 - South Bend 9
TOP OF THE 7TH
Beloit Snappers batting - Pitching for South Bend Cubs : RHP Dave Miller
Batting: RHB Montel Russo 0-0: Ball
1-0: Swinging Strike
1-1: Ball
2-1: Swinging Strike
2-2: Ball
3-2: Fly out, F6 (Popup, 6M, EV 65.0 MPH)
Pitching: RHP Manny Carregosa
Batting: LHB Alfredo Ramos 0-0: Ball
1-0: Called Strike
1-1: Ball
2-1: Swinging Strike
2-2: Strikes out swinging
Batting: RHB José Flores 0-0: Ball
1-0: Foul Ball, location: 2F
1-1: Foul Ball, location: 3F
1-2: Strikes out swinging
Top of the 7th over - 0 runs, 0 hits, 0 errors, 0 left on base; Beloit 2 - South Bend 9
BOTTOM OF THE 7TH
South Bend Cubs batting - Pitching for Beloit Snappers : RHP Chet Lee
Batting: SHB Joe Walters 0-0: Called Strike
0-1: Ball
1-1: Ball
2-1: Ball
3-1: Foul Ball, location: 5DF
3-2: Base on Balls
Batting: RHB Jorge Colón 0-0: Ball
1-0: Foul Ball, location: 23F
1-1: Ball
2-1: Ball
Joe Walters steals 2nd base (no throw)
3-1: Swinging Strike
3-2: Strikes out swinging
Batting: RHB Dave Scott 0-0: Ball
1-0: Ball
2-0: Ground out 6-3 (Groundball, 6, EV 85.6 MPH)
Batting: RHB Willie Jones 0-0: Ball
1-0: Ball
2-0: Ball
3-0: Called Strike
3-1: Called Strike
3-2: Fly out, F9 (Flyball, 9D, EV 110.0 MPH)
Bottom of the 7th over - 0 runs, 0 hits, 0 errors, 1 left on base; Beloit 2 - South Bend 9
TOP OF THE 8TH
Beloit Snappers batting - Pitching for South Bend Cubs : RHP Manny Carregosa
Batting: LHB Jon Bullock 0-0: Called Strike
0-1: Foul Ball, location: 25FF
0-2: Ball
1-2: Strikes out looking
Pinch Hitting: SHB Jorge Mendoza 0-0: Foul Ball, location: 23FF
0-1: Ball
1-1: Swinging Strike
1-2: Ball
2-2: Strikes out swinging
Pinch Hitting: RHB Octávio Rivera 0-0: Ball
1-0: Ball
2-0: Foul Ball, location: 2F
2-1: Foul Ball, location: 2F
2-2: Strikes out swinging
Top of the 8th over - 0 runs, 0 hits, 0 errors, 0 left on base; Beloit 2 - South Bend 9
BOTTOM OF THE 8TH
South Bend Cubs batting - Pitching for Beloit Snappers : RHP Chet Lee
Now at 2B: Octávio Rivera
Now at 3B: Devin Ellis
Batting: RHB Simone Cigala 0-0: Ball
1-0: Called Strike
1-1: Called Strike
1-2: SINGLE (Line Drive, 34, EV 94.4 MPH)
Batting: SHB Ángelo Ríos 0-0: Swinging Strike
0-1: Ball
1-1: Foul Ball, location: 2F
1-2: Ball
2-2: Strikes out swinging
Pitching: RHP José Sánchez
Batting: RHB Clint Rice 0-0: Ball
1-0: TRIPLE (Groundball, 5L, EV 108.8 MPH)
Simone Cigala scores
Batting: SHB Victor Turner 0-0: Ball
1-0: Called Strike
1-1: Called Strike
1-2: Strikes out looking
Batting: RHB Joe Bowles 0-0: Ball
1-0: Ball
2-0: Ball
3-0: Swinging Strike
3-1: Foul Ball, location: 2F
3-2: Strikes out swinging
Bottom of the 8th over - 1 run, 2 hits, 0 errors, 1 left on base; Beloit 2 - South Bend 10
TOP OF THE 9TH
Beloit Snappers batting - Pitching for South Bend Cubs : RHP Manny Carregosa
Batting: LHB Bob Wilson 0-0: Swinging Strike
0-1: Ball
1-1: Foul Ball, location: 23F
1-2: Strikes out swinging
Pinch Hitting: RHB Jorge Pérez 0-0: Ball
1-0: Ball
2-0: Swinging Strike
2-1: Foul Ball, location: 2F
2-2: Foul Ball, location: 23FF
2-2: Foul Ball, location: 9LSF
2-2: Fly out, F8 (Flyball, 8RM, EV 80.0 MPH)
Batting: LHB José Jiménez 0-0: Called Strike
0-1: Ball
1-1: Called Strike
1-2: Strikes out looking
Top of the 9th over - 0 runs, 0 hits, 0 errors, 0 left on base; Beloit 2 - South Bend 10
Monday, April 1st , 2024 - OOTP Baseball 24.10 Build 82